 Dungeon Crawl Stone Soup version 0.25-a0-578-gc91f01c39c (webtiles) character file.

Game seed: 670808892770937730, levelgen mode: deterministic

357 wullow the Shield-Bearer (level 6, -12/48 HPs)
             Began as a Demonspawn Fighter on Mar 6, 2020.
             Was an Initiate of Sif Muna.
             Killed by divine providence
             ... invoked by an orc priest
              (13 damage)
             ... on level 7 of the Dungeon.
             The game lasted 00:04:09 (2686 turns).

wullow the Shield-Bearer (Demonspawn Fighter)       Turns: 2686, Time: 00:04:09

Health: -12/48     AC:  6    Str: 18    XL:     6   Next: 36%
Magic:  0/6        EV:  7    Int: 10    God:    Sif Muna [......]
Gold:   206        SH:  9    Dex: 12    Spells: 5/5 levels left

rFire    . . .     SeeInvis .   a - +1 trident
rCold    . . .     Gourm    .   c - +0 kite shield
rNeg     . . .     Faith    .   b - +0 scale mail
rPois    .         Spirit   +   (helmet restricted)
rElec    .         Reflect  .   (no cloak)
rCorr    +         Harm     .   (no gloves)
MR       .....     Rnd*Tele +   (no boots)
Stlth    ..........             (no amulet)
HPRegen  0.16/turn              l - ring of resist corrosion
MPRegen  0.20/turn              k - ring of teleportation (curse)

@: no status effects
A: antennae 1, magic shield, magic regeneration
a: Renounce Religion


You were on level 7 of the Dungeon.
You worshipped Sif Muna.
Sif Muna was noncommittal.
You were hungry.

You visited 2 branches of the dungeon, and saw 6 of its levels.

You collected 206 gold pieces.

Inventory:

Hand Weapons
 a - a +1 trident (weapon)
Armour
 b - a +0 scale mail (worn)
 c - a +0 kite shield (worn)
Jewellery
 e - a +3 ring of protection
 k - a cursed ring of teleportation (right hand)
 l - a ring of resist corrosion (left hand)
Scrolls
 g - a scroll of enchant weapon
 i - 4 scrolls of identify
Potions
 d - a potion of might
 h - 6 potions of curing
 m - 2 potions of resistance
Comestibles
 f - 7 rations


   Skills:
 + Level 4.0 Fighting
 * Level 3.8 Polearms
 + Level 3.5 Armour
 * Level 4.3 Shields


You had 5 spell levels left.
You didn't know any spells.
Your spell library was empty.

Dungeon Overview and Level Annotations

Branches:
Dungeon (7/15)             Temple (1/1) D:7

Altars:
Cheibriados
Elyvilon
Hepliaklqana
Kikubaaqudgha
Nemelex Xobeh
Ru
Sif Muna
Trog
Yredelemnul
Zin
The Shining One
Jiyva

Annotations:
D:4 Ijyb


Innate Abilities, Weirdness & Mutations

You have a pair of small antennae on your head.
When hurt, damage is shared between your health and your magic reserves.
You regenerate magic rapidly.


Message History

You closely miss the orc priest.
The orc priest is heavily wounded.
The orc hits you but does no damage. The orc priest closely misses you.
You closely miss the orc priest.
The orc priest is heavily wounded.
The orc closely misses you. The orc priest closely misses you.
You closely miss the orc priest.
The orc priest is heavily wounded.
The orc hits you with a +0 dagger.
* * * LOW HITPOINT WARNING * * *
You block the orc priest's attack.
You hit the orc priest.
The orc priest is severely wounded.
The orc hits you but does no damage. You block the orc priest's attack.
You completely miss the orc priest.
The orc priest is severely wounded.
The orc hits you but does no damage.
The orc priest mumbles some strange prayers to Beogh against you.
Beogh smites you!
You die...

#......#.#.# #
#..........#.#
#.......#....#
#.........####
#.......### ########.#
# ######Z# .###
.#######....#o##....
............@o...####
########....#..#.....
#.......#..###
#.......#..##
#######........
.........#.#..#####
####.......#.......
#######.#...##########
#...................


You could see an orc priest, an orc and a bullfrog skeleton.

Vanquished Creatures
  Sigmund (D:2)
  An orc wizard (D:7)
  Natasha (thrice) (D:2)
  2 adders (D:2)
  2 worms
  2 dart slugs
  4 leopard geckos
  2 orcs
  A ball python (D:3)
  7 giant cockroaches
  6 goblins
  9 hobgoblins
  2 jackals (D:2)
  6 kobolds
  5 bats
  A frilled lizard (D:2)
  6 rats
60 creatures vanquished.

Notes
Turn   | Place    | Note
-------+----------+-------------------------------------------
     0 | D:1      | wullow the Demonspawn Fighter began the quest for the Orb.
     0 | D:1      | Reached XP level 1. HP: 18/18 MP: 1/1
   148 | D:1      | Gained mutation: You have a pair of small antennae on your
                  | head. [demonic ancestry]
   148 | D:1      | Reached XP level 2. HP: 24/24 MP: 2/2
   612 | D:2      | Gained mutation: When hurt, damage is shared between your
                  | health and your magic reserves. [demonic ancestry]
   612 | D:2      | Reached XP level 3. HP: 29/29 MP: 3/3
   652 | D:2      | Noticed Sigmund
   689 | D:2      | Killed Sigmund
   689 | D:2      | Gained mutation: You regenerate magic rapidly. [demonic
                  | ancestry]
   689 | D:2      | Reached XP level 4. HP: 14/37 MP: 1/4
   689 | D:2      | Reached XP level 5. HP: 16/42 MP: 1/5
   736 | D:2      | Noticed Natasha
   747 | D:2      | Killed Natasha
  1026 | D:2      | Found a snail-covered altar of Cheibriados.
  1101 | D:2      | Found a white marble altar of Elyvilon.
  1393 | D:2      | Noticed Natasha
  1402 | D:2      | Killed Natasha
  1427 | D:2      | Reached XP level 6. HP: 21/48 MP: 3/6
  1858 | D:2      | Noticed Natasha
  1868 | D:2      | Killed Natasha
  2435 | D:4      | Noticed Ijyb
  2436 | D:4      | You fall into a shaft and drop 3 floors!
  2521 | D:7      | Found a staircase to the Ecumenical Temple.
  2531 | Temple   | Entered the Ecumenical Temple
  2630 | Temple   | Became a worshipper of Sif Muna the Loreminder
  2679 | D:7      | HP: 2/48 [orc priest/divine providence (13)]
  2684 | D:7      | HP: 1/48 [orc/+0 dagger (1)]
  2686 | D:7      | Killed from afar by an orc priest

Levels and vault maps discovered:
D:1:      roderic_chinese_lattice_arrival, layout_basic, lemuel_another_geyser
D:2:      layout_basic, lemuel_round_altar, elyvilon_altar_5, uniq_natasha,
          uniq_sigmund
D:3:      layout_basic
D:4:      layout_basic, grunt_dithmenos_shadows, old_standard_altar,
          old_standard_altar, portal_sewer_entry_a, uniq_eustachio, uniq_ijyb
D:7:      layout_basic, nicolae_gozag_zags_fifth_avenue,
          minmay_temple_entry_slanted
Temple:   pf_slime_end_temple

Skill      XL: |  1  2  3  4  5  6 |
---------------+-------------------+-----
Polearms       | 2 3 |  3.8
Shields        | 3 4 |  4.3
Armour         | 3 |  3.5
Fighting       | 4 |  4.0

Action                   |  1- 3 |  4- 6 || total
-------------------------+-------+-------++-------
Melee: Trident           |    83 |   151 ||   234
  Use: Scroll            |     3 |     4 ||     7
  Eat: Chunk             |       |     5 ||     5
Armor: Scale mail        |    30 |    50 ||    80
Dodge: Dodged            |    19 |    36 ||    55
Block: Kite shield       |    30 |    48 ||    78

Table legend:
 A = Non-vault XP
 B = Vault XP
 C = Vault XP percentage of total XP
 D = Non-vault monster count
 E = Vault monster count
 F = Vault count percentage of total count
                 A         B        C        D         E       F
            +---------+---------+-------+---------+---------+-------
      Total |     248 |     262 |  51.4 |      58 |       2 |   3.3
            +---------+---------+-------+---------+---------+-------
        D:1 |      26 |       0 |   0.0 |      14 |       0 |   0.0
        D:2 |     151 |     262 |  63.4 |      30 |       2 |   6.2
        D:3 |      29 |       0 |   0.0 |      12 |       0 |   0.0
        D:4 |       2 |       0 |   0.0 |       1 |       0 |   0.0
        D:7 |      40 |       0 |   0.0 |       1 |       0 |   0.0
            +---------+---------+-------+---------+---------+-------
